 Dungeon Crawl Stone Soup version 0.17-a0-1515-gfae3d72 (webtiles) character file.

147 Redz the Caller (level 5, -6/31 HPs)
             Began as a Kobold Summoner on July 12, 2015.
             Killed from afar by GagarinX's ghost (9 damage)
             ... with a magic dart
             ... on level 3 of the Dungeon.
             The game lasted 00:13:00 (3118 turns).

Redz the Caller (Kobold Summoner)                   Turns: 3118, Time: 00:13:00

Health: -6/31      AC:  3    Str:  6    XL:     5   Next: 54%
Magic:  6/8        EV: 16    Int: 14    God:
Gold:   230        SH:  0    Dex: 17    Spells: 1 memorised, 7 levels left

rFire  . . .     SeeInvis .     p - +0 whip (curse)
rCold  . . .     Clarity  .     a - +1 robe
rNeg   . . .     SustAt   .     (shield restricted)
rPois  .         Gourm    .     (no helmet)
rElec  .         Spirit   .     (no cloak)
rCorr  .         Warding  .     (no gloves)
rMut   .         Stasis   .     (no boots)
MR     .....                    (no amulet)
Stlth  +++.......               (no ring)
                                e - ring of flight

@: not resistant to hostile enchantments, fairly stealthy
A: carnivore 3
a: Evoke Flight


You were on level 3 of the Dungeon.
You were very full.

You visited 1 branch of the dungeon, and saw 3 of its levels.

You collected 230 gold pieces.

Inventory:

Hand weapons
 d - a +0 short sword
 n - a +1 dagger of flaming
 p - a cursed +0 whip (weapon)
 q - a +0 flail of draining
Armour
 a - a +1 robe (worn)
Jewellery
 e - a ring of flight (left hand)
Scrolls
 h - 3 scrolls of identify
Potions
 f - a potion of poison {unknown}
 i - a potion of brilliance {unknown}
 j - a potion of cure mutation
 k - a potion of flight {unknown}
 l - a potion of might {unknown}
 o - a potion of lignification {unknown}
Books
 b - a book of Callings

   Spells                             Type                      Level
   a - Summon Small Mammal            Summoning                    1
   b - Call Imp                       Summoning                    2
   c - Call Canine Familiar           Summoning                    3
   d - Summon Guardian Golem          Hexes/Summoning              3
   e - Summon Lightning Spire         Summoning/Air                4
   f - Summon Ice Beast               Ice/Summoning                4
Comestibles
 c - 2 meat rations
 g - 2 beef jerkies


   Skills:
 * Level 2.5 Fighting
 + Level 3.4 Dodging
 + Level 4.1 Stealth
 + Level 2.6 Spellcasting
 + Level 4.4 Summonings


You had 7 spell levels left.
You knew the following spells:

 Your Spells              Type           Power        Failure   Level  Hunger
b - Call Imp              Summ           ##......     6%          2    ###....


Dungeon Overview and Level Annotations

Branches:
Dungeon (3/15)

Altars:
Gozag

Annotations:
D:3 GagarinX's ghost, average DECj


Innate Abilities, Weirdness & Mutations

You are small and have problems with some larger weapons.
You are carnivorous and can eat meat at any time.


Message History

Items here: )) †† a dagger; a club; a goblin corpse; a goblin corpse
There is a stone staircase leading down here.
You see here a goblin corpse.
Items here: ) [[[ ††
Casting: Call Imp
Confirm with . or Enter, or press ? or * to list all spells.
A beastly little devil appears in a puff of flame.
You swap places.
The hobgoblin hits your crimson imp with a club.
The phantom hits you.
* * * LOW HITPOINT WARNING * * *
The phantom blinks!
The phantom blinks!
You see here a mace.
The hobgoblin closely misses your crimson imp.
Your crimson imp blinks!
GagarinX's ghost points at you and mumbles some strange words.
The magic dart hits you!
You die...

# #######..# #.###...## ##
#..# #.# ##.## .#
#..###W####.# .#
##...........#
.##############...g...######
............W......##.#
.##.####....(....§.##.#
.##.# #########.####.# †##.#
#@###..# ..#.# #.##...####
..#.# #.#.(.....# 8.#.###
#.##...##.# #.#...#
#.###.###.# 8.#...########
#.# #.# #.#
.............###.# #.# #.#
.#.###...........###.###.#
...# #.#####.##..........#


You could see GagarinX's ghost and a hobgoblin.

Vanquished Creatures
  3 adders (D:2)
  2 oozes
  2 worms
  2 ball pythons (D:1)
  3 giant cockroaches
  5 goblins
  5 hobgoblins
  A jackal (D:3)
  6 bats
  4 giant newts
  4 kobolds
  9 rats
46 creatures vanquished.

Vanquished Creatures (collateral kills)
  A centaur zombie (D:3)
  Robin (D:3)
  3 adders
  2 worms
  A giant gecko (D:2)
  2 orcs (D:3)
  2 giant cockroaches
  2 hobgoblins
  2 giant newts
  5 goblins
  A jackal (D:3)
  A quokka (D:2)
23 creatures vanquished.

Grand Total: 69 creatures vanquished

Notes
Turn   | Place    | Note
--------------------------------------------------------------
     0 | D:1      | Redz the Kobold Summoner began the quest for the Orb.
     0 | D:1      | Reached XP level 1. HP: 10/10 MP: 3/3
   126 | D:1      | Reached XP level 2. HP: 10/16 MP: 5/5
   404 | D:1      | Reached skill level 1 in Fighting
   415 | D:1      | Learned a level 2 spell: Call Imp
   900 | D:2      | Reached XP level 3. HP: 18/20 MP: 6/6
  1116 | D:2      | Found an opulent altar of Gozag.
  1305 | D:2      | Reached XP level 4. HP: 21/26 MP: 1/7
  1876 | D:3      | HP: 1/26 [centaur zombie (6)]
  2130 | D:3      | Noticed a phantom
  2245 | D:3      | Reached XP level 5. HP: 31/31 MP: 8/8
  2986 | D:3      | Noticed Robin
  3001 | D:3      | Killed Robin
  3064 | D:3      | Noticed GagarinX's ghost (average DECj)
  3118 | D:3      | Killed from afar by GagarinX's ghost

Vault maps used:
D:1:      lemuel_arrival_muddy, minmay_misc_feat_tower
D:2:      lemuel_crystal_altar
D:3:      minmay_statues_item, minivault_4, uniq_robin

Action                   |  1- 3 |  4- 6 || total
-------------------------+-------+-------++-------
Melee: Short sword       |    79 |       ||    79
       Whip              |       |   107 ||   107
 Cast: Summon Small Mamm |     4 |       ||     4
       Call Imp          |     8 |    17 ||    25
  Use: Scroll            |       |     5 ||     5
 Stab: Sleeping          |    13 |     7 ||    20
       Distracted        |       |     1 ||     1
  Eat: Chunk             |    10 |     5 ||    15
